[Event "ICC tourney 3278 (40 10)"]
[Site "Internet Chess Club"]
[Date "2023.09.09"]
[Round "3"]
[White "S.M, UMER:uncrackable"]
[Black "DENG, MICHAEL:K03-16811908"]
[Result "1-0"]
[ICCResult "Black resigns"]
[WhiteElo "1845"]
[BlackElo "1735"]
[Opening "King's Indian: fianchetto without c4"]
[ECO "A49"]
[NIC "KI.79"]
[Time "15:30:40"]
[PlyCount "65"]
[TimeControl "2400+10"]

1. d4 Nf6 2. Nf3 g6 3. g3 Bg7 4. Bg2 O-O 5. O-O d6 6. c4 Nc6 7. d5 Na5 8.
Na3 c5 9. Re1 Bf5 10. Nh4 Bd7 11. e4 a6 12. Bf1 Rb8 13. Rb1 b5 14. cxb5 Bxb5
15. Nxb5 axb5 16. b4 cxb4 17. Rxb4 Qd7 18. Bd2 Rfc8 19. Qb1 Qa7 20. Be3 Qa8
21. Rxb5 Rxb5 22. Bxb5 Rb8 23. a4 Nc4 24. Bd4 Na3 25. Qb3 Nxb5 26. axb5 Qa5
27. Ra1 Qxb5 28. Qxb5 Rxb5 29. Ra8+ Bf8 30. Be3 Ng4 31. Bd2 Rb2 32. Nf3 Kg7
33. Bc3+ {Black resigns} 1-0

[Event "ICC tourney 3278 (40 10)"]
[Site "Internet Chess Club"]
[Date "2023.09.09"]
[Round "3"]
[White "SKARIAH, ANUSHKA ELIZABETH:kskariah"]
[Black "SHANKAR, AASHRITHA VIDHYA:aashushankar"]
[Result "1-0"]
[ICCResult "Black checkmated"]
[WhiteElo "1559"]
[BlackElo "1496"]
[Opening "Sicilian: Najdorf, Byrne (English) attack"]
[ECO "B90"]
[NIC "SI.14"]
[Time "15:30:49"]
[PlyCount "121"]
[TimeControl "2400+10"]

1. e4 c5 2. Nf3 d6 3. d4 cxd4 4. Nxd4 Nf6 5. Nc3 a6 6. Be3 e5 7. Nb3 Be6 8.
Qd2 Be7 9. Rd1 Qc7 10. Be2 Nbd7 11. O-O O-O 12. h3 Rfd8 13. Qc1 Nb6 14. Bf3
Nc4 15. Rfe1 Nxe3 16. Qxe3 h6 17. Rd2 Nd7 18. Rdd1 Nb6 19. Qc1 Bg5 20. Qb1
Nc4 21. Be2 a5 22. a4 Nb6 23. Bf3 Qc6 24. Qa1 Bd7 25. Be2 Be6 26. Bb5 Qc7
27. Nc1 Bc4 28. b3 Bxb5 29. Nxb5 Qc6 30. c4 Nc8 31. Ne2 Na7 32. Nec3 Nxb5
33. Nxb5 Qc5 34. Rd5 Qb4 35. Qd1 Be7 36. Re3 Rac8 37. Red3 Rc5 38. Rxc5 Qxc5
39. Rd5 Qb6 40. Qd2 f6 41. Kh1 Kf7 42. f4 Ke8 43. f5 Kf7 44. Qc2 Qe3 45. Nc7
Qe1+ 46. Kh2 Rc8 47. Ne6 b6 48. Qd3 Kg8 49. Qf3 Rc6 50. Qg4 Bf8 51. Rd3 d5
52. exd5 Rxe6 53. dxe6 Qb4 54. Qe4 Qc5 55. Qd5 Qf2 56. e7+ Kh7 57. exf8=Q
Qf4+ 58. Kg1 Qc1+ 59. Rd1 Qe3+ 60. Kh1 Qxb3 61. Qdg8# {Black checkmated} 1-0

[Event "ICC tourney 3278 (40 10)"]
[Site "Internet Chess Club"]
[Date "2023.09.09"]
[Round "3"]
[White "HELMSEN, GAVIN:ghelmsen"]
[Black "Zhang, Ellery:elleryzhang"]
[Result "0-1"]
[ICCResult "White resigns"]
[WhiteElo "1700"]
[BlackElo "1695"]
[Opening "Sicilian: Grand Prix attack"]
[ECO "B23"]
[NIC "SI.44"]
[Time "15:30:41"]
[PlyCount "122"]
[TimeControl "2400+10"]

1. e4 c5 2. Nc3 Nc6 3. f4 g6 4. Nf3 Bg7 5. a4 a6 6. Bc4 e6 7. O-O Nge7 8. d3
O-O 9. Qe1 d5 10. Bb3 b6 11. Qh4 Bb7 12. f5 gxf5 13. Bh6 dxe4 14. Ng5 Qd4+
15. Kh1 Ng6 16. Qh5 exd3 17. Bxe6 Nd8 18. Bxf5 Bxh6 19. Qxh6 Qg7 20. Qh5 h6
21. Nxf7 Bxg2+ 22. Kg1 Rxf7 23. Qxg6 Bxf1 24. Rxf1 Qxg6+ 25. Bxg6 Rxf1+ 26.
Kxf1 dxc2 27. Bxc2 Ne6 28. Bb3 Kf7 29. Nd5 Re8 30. Nxb6 Ke7 31. a5 Nc7 32.
Kg2 Kd6 33. Bc4 Re4 34. Kf3 Rd4 35. b3 Kc6 36. Nc8 Rd2 37. h4 Ra2 38. Ne7+
Kd7 39. Nf5 Rxa5 40. Nxh6 Ra1 41. h5 Ne6 42. Nf7 Nd4+ 43. Kg4 Rg1+ 44. Kh4
Nf5+ 45. Kh3 Rh1+ 46. Kg4 Ne3+ 47. Kg5 Nxc4 48. bxc4 Ke6 49. Nd8+ Ke5 50.
Nc6+ Kd6 51. Nd8 Kc7 52. Ne6+ Kc6 53. h6 a5 54. Nf4 a4 55. Nd5 Rh3 56. Nf4
Rxh6 57. Kxh6 a3 58. Kg6 a2 59. Kf5 a1=Q 60. Nd5 Qf1+ 61. Ke6 Qxc4
{White resigns}
0-1

[Event "ICC tourney 3278 (40 10)"]
[Site "Internet Chess Club"]
[Date "2023.09.09"]
[Round "3"]
[White "MALAKAR, SAARTHAK:iamvoltu"]
[Black "JAIN, PIYUSH:Piyush786"]
[Result "0-1"]
[ICCResult "White resigns"]
[WhiteElo "1791"]
[BlackElo "1862"]
[Opening "Queen's pawn game, Krause variation"]
[ECO "D02"]
[NIC "QP.08"]
[Time "15:31:03"]
[PlyCount "140"]
[TimeControl "2400+10"]

1. d4 d5 2. Nf3 c5 3. g3 Nc6 4. Bg2 Bg4 5. Ne5 Bf5 6. c4 e6 7. cxd5 exd5 8.
O-O Nf6 9. Qa4 cxd4 10. Nxc6 bxc6 11. Qxc6+ Bd7 12. Qc2 Be7 13. Nd2 O-O 14.
Nb3 Ba4 15. Qd3 Bxb3 16. axb3 Qb6 17. Bf4 Rfe8 18. Be5 Ne4 19. Bxd4 Bc5 20.
e3 Bxd4 21. Qxd4 Qxd4 22. exd4 Reb8 23. Ra3 Kf8 24. Rc1 Rb4 25. Bxe4 dxe4
26. Rc4 Rb6 27. b4 a6 28. Kf1 Rab8 29. Ra4 Ke7 30. Ke2 Kd6 31. Ke3 f5 32.
Rc5 g6 33. g4 fxg4 34. Kxe4 Rf8 35. b5 axb5 36. Ra7 Rxf2 37. Rxh7 Rxb2 38.
Rg7 Re2+ 39. Kf4 Re6 40. Kxg4 b4 41. Kf3 b3 42. Rc1 b2 43. Rb1 Rb3+ 44. Kf2
Rf6+ 45. Ke2 Rh3 46. Rb7 Rxh2+ 47. Kd3 Rff2 48. Rb6+ Kd5 49. Rb5+ Kc6 50.
Rb8 Rd2+ 51. Kc3 Rc2+ 52. Kb3 Rcd2 53. Kc3 g5 54. Rg8 Rdg2 55. Kc4 Kd6 56.
Rg6+ Ke7 57. Kd5 Kf7 58. Rb6 g4 59. Rf1+ Rf2 60. Rg1 Rhg2 61. Rxg2 Rxg2 62.
Ke4 Rf2 63. Ke3 g3 64. Rb7+ Ke6 65. Rb6+ Kd5 66. Rb5+ Kc6 67. Rb8 Kc7 68.
Rb3 Rh2 69. Kf3 g2 70. Kf2 Rh1 {White resigns} 0-1

[Event "ICC tourney 3278 (40 10)"]
[Site "Internet Chess Club"]
[Date "2023.09.09"]
[Round "4"]
[White "Ryerson, Olivia:oliviaryerson"]
[Black "HELMSEN, GAVIN:ghelmsen"]
[Result "0-1"]
[ICCResult "White checkmated"]
[WhiteElo "1330"]
[BlackElo "1700"]
[Opening "Queen's pawn"]
[ECO "A40"]
[NIC "QO.17"]
[Time "17:46:27"]
[PlyCount "24"]
[TimeControl "2400+10"]

1. d4 e6 2. Bf4 c5 3. e3 Qb6 4. Nc3 cxd4 5. exd4 Qxb2 6. Nb5 Bb4+ 7. Ke2 Nc6
8. Nc7+ Kd8 9. Nxa8 Nxd4+ 10. Kd3 Qc3+ 11. Ke4 f5+ 12. Ke5 d6#
{White checkmated}
0-1

[Event "ICC tourney 3278 (40 10)"]
[Site "Internet Chess Club"]
[Date "2023.09.09"]
[Round "4"]
[White "SYED, TAIMOOR:containedplay"]
[Black "VUYYURU, SHRIYAN:loudcertainlava"]
[Result "1-0"]
[ICCResult "Black checkmated"]
[WhiteElo "1540"]
[BlackElo "1676"]
[Opening "French defense"]
[ECO "C00"]
[NIC "FR.01"]
[Time "17:46:32"]
[PlyCount "119"]
[TimeControl "2400+10"]

1. e4 e6 2. Nf3 d5 3. exd5 exd5 4. d4 Nf6 5. Bd3 c6 6. h3 Bd6 7. Bg5 O-O 8.
O-O h6 9. Bh4 Be6 10. Nbd2 Nbd7 11. Re1 Qc7 12. Nf1 Rae8 13. Bg3 Nh5 14.
Bxd6 Qxd6 15. Ne5 Nf4 16. Ng3 Qb4 17. Bf1 Nxe5 18. dxe5 b6 19. Rb1 c5 20. c3
Qa5 21. Qd2 Ng6 22. Bd3 c4 23. Bc2 b5 24. f4 Qb6+ 25. Kh1 Bc8 26. Re2 Bb7
27. Rf1 Nh4 28. f5 d4 29. Qxd4 Nxg2 30. Rxg2 Bxg2+ 31. Kxg2 Rd8 32. Qxb6
axb6 33. Rf2 Rfe8 34. Re2 Rd5 35. e6 Kf8 36. Nh5 fxe6 37. Nf4 Rd6 38. fxe6
Ke7 39. Kf3 Kf6 40. Bg6 Re7 41. Bf7 g5 42. Nh5+ Kf5 43. Ng7+ Kf6 44. Ne8+
Kf5 45. Nxd6+ Kf6 46. Nxb5 Kg7 47. Nd4 Kf6 48. Ke4 h5 49. Rf2+ Kg7 50. Ke5
Kh7 51. Kf6 Ra7 52. e7 Rxe7 53. Kxe7 b5 54. Kf6 h4 55. Bd5 b4 56. Kf7 g4 57.
Rf4 Kh6 58. Rxg4 Kh5 59. Nf3 b3 60. Rxh4# {Black checkmated} 1-0

[Event "ICC tourney 3278 (40 10)"]
[Site "Internet Chess Club"]
[Date "2023.09.09"]
[Round "4"]
[White "DUBE, DANIEL:betterone76"]
[Black "SKARIAH, ANUSHKA ELIZABETH:kskariah"]
[Result "0-1"]
[ICCResult "White resigns"]
[WhiteElo "1505"]
[BlackElo "1559"]
[Opening "French: exchange variation"]
[ECO "C01"]
[NIC "FR.01"]
[Time "17:46:31"]
[PlyCount "86"]
[TimeControl "2400+10"]

1. e4 e6 2. d4 d5 3. exd5 exd5 4. Nf3 Nf6 5. Bd3 Bd6 6. O-O O-O 7. Re1 Bg4
8. Nbd2 Nbd7 9. h3 Bh5 10. Nf1 c6 11. c3 Qc7 12. Ne3 Rae8 13. Bd2 Ne4 14. g4
Bg6 15. Nh4 Nxf2 16. Kxf2 Bxd3 17. Nhf5 Bf4 18. Bc1 Be4 19. Ng2 Bxc1 20.
Qxc1 Qh2 21. Rxe4 Rxe4 22. Ng3 Re6 23. Qg5 Rf6+ 24. Nf5 Rg6 25. Ne7+ Kh8 26.
Qh4 Rh6 27. Qg3 Qxh3 28. Qxh3 Rxh3 29. Nf5 g6 30. Ng3 Nf6 31. Ne3 Rh2+ 32.
Kf3 Rxb2 33. g5 Ne4 34. Nxe4 dxe4+ 35. Kxe4 Re8+ 36. Kf3 Kg7 37. Ng4 Ree2
38. Rh1 Rxa2 39. Rh6 a5 40. Nf6 Rh2 41. Ng4 Rxh6 42. gxh6+ Kh8 43. Ke4 f5+
{White resigns}
0-1

[Event "ICC tourney 3278 (40 10)"]
[Site "Internet Chess Club"]
[Date "2023.09.09"]
[Round "4"]
[White "Zhang, Ellery:elleryzhang"]
[Black "MALAKAR, SAARTHAK:iamvoltu"]
[Result "0-1"]
[ICCResult "White resigns"]
[WhiteElo "1695"]
[BlackElo "1791"]
[Opening "Caro-Kann: exchange variation"]
[ECO "B13"]
[NIC "CK.02"]
[Time "17:46:50"]
[PlyCount "50"]
[TimeControl "2400+10"]

1. d4 c6 2. e4 d5 3. exd5 cxd5 4. Bd3 Nc6 5. c3 Nf6 6. h3 g6 7. Nf3 Bf5 8.
Bxf5 gxf5 9. Bf4 Rg8 10. O-O e6 11. Ne5 Bd6 12. Nd2 Qc7 13. Re1 Ne4 14. Nxe4
fxe4 15. Qh5 Bxe5 16. Qxh7 O-O-O 17. dxe5 Rh8 18. Qg7 Rdg8 19. Qf6 Rxh3 20.
Bg3 Rh5 21. c4 Rgh8 22. f4 Qb6+ 23. Kf1 Rh1+ 24. Ke2 Nd4+ 25. Kd1 Qxb2
{White resigns}
0-1

[Event "ICC tourney 3278 (40 10)"]
[Site "Internet Chess Club"]
[Date "2023.09.09"]
[Round "4"]
[White "MILLER, MICHAEL A:knighthawkmill"]
[Black "HONG, HUNTER:hunterhong"]
[Result "1-0"]
[ICCResult "Black checkmated"]
[WhiteElo "1839"]
[BlackElo "1476"]
[Opening "Grob's attack"]
[ECO "A00"]
[NIC "VO.11"]
[Time "17:46:50"]
[PlyCount "77"]
[TimeControl "2400+10"]

1. g4 d5 2. Bg2 e5 3. h3 Bc5 4. d3 Nc6 5. a3 h6 6. Nc3 Nf6 7. g5 hxg5 8.
Bxg5 Be7 9. e3 Be6 10. Nge2 Qd7 11. h4 O-O-O 12. Qd2 a6 13. O-O-O Ng4 14.
Bxe7 Qxe7 15. Ng3 Rxh4 16. Rxh4 Qxh4 17. Rh1 Qf6 18. f3 Nh6 19. Nce2 Nf5 20.
Nxf5 Bxf5 21. Ng3 Bg6 22. e4 dxe4 23. fxe4 Nd4 24. Kb1 Nf3 25. Qb4 Nd4 26.
Nf5 Nc6 27. Qb3 Bxf5 28. exf5 Rd6 29. Rh8+ Kd7 30. Qxb7 Nd8 31. Qe4 g6 32.
Qa4+ Nc6 33. Rh6 Qxf5 34. Bh3 Rd4 35. Bxf5+ gxf5 36. Qxc6+ Kd8 37. Rh8+ Ke7
38. Qxc7+ Rd7 39. Qxe5# {Black checkmated} 1-0

[Event "ICC tourney 3278 (40 10)"]
[Site "Internet Chess Club"]
[Date "2023.09.09"]
[Round "4"]
[White "JAIN, PIYUSH:Piyush786"]
[Black "S.M, UMER:uncrackable"]
[Result "1-0"]
[ICCResult "Black forfeits on time"]
[WhiteElo "1862"]
[BlackElo "1845"]
[Opening "Sicilian defense"]
[ECO "B20"]
[NIC "SI.48"]
[Time "17:46:25"]
[PlyCount "81"]
[TimeControl "2400+10"]

1. e4 c5 2. a3 e6 3. b4 cxb4 4. axb4 d5 5. e5 Nc6 6. d4 Bxb4+ 7. c3 Bf8 8.
Nf3 h6 9. Bd3 g6 10. O-O Nge7 11. Qc2 Bg7 12. Na3 O-O 13. h4 Bd7 14. h5 Be8
15. hxg6 fxg6 16. Nh2 Rc8 17. Qe2 a6 18. Ng4 Kh7 19. Qd2 Nf5 20. Nc2 h5 21.
Nge3 Bh6 22. Qe2 Qh4 23. g3 Qh3 24. Ng2 Nce7 25. Bxh6 Nxh6 26. Nce3 Rxc3 27.
Rfc1 Nc6 28. Rxc3 Nxd4 29. Rc7+ Kh8 30. Qb2 Ng4 31. Nxg4 Qxg4 32. Qxb7 Nf3+
33. Kf1 Nd2+ 34. Ke1 Nf3+ 35. Kd1 Nxe5+ 36. Kd2 Rxf2+ 37. Kc3 d4+ 38. Kb3
Rb2+ 39. Kxb2 Nxd3+ 40. Kb3 Bf7 41. Rf1 {Black forfeits on time} 1-0

[Event "ICC tourney 3278 (40 10)"]
[Site "Internet Chess Club"]
[Date "2023.09.09"]
[Round "4"]
[White "DENG, MICHAEL:K03-16811908"]
[Black "BERKLEY, DARRIN K:drberkley"]
[Result "1-0"]
[ICCResult "Black resigns"]
[WhiteElo "1735"]
[BlackElo "1865"]
[Opening "Pirc defense"]
[ECO "B07"]
[NIC "PU.07"]
[Time "17:54:08"]
[PlyCount "101"]
[TimeControl "2400+10"]

1. e4 d6 2. d4 Nf6 3. Nc3 g6 4. Be3 a6 5. f3 b5 6. Qd2 Bb7 7. O-O-O Nbd7 8.
h4 e5 9. d5 c6 10. dxc6 Bxc6 11. Nh3 Qa5 12. Kb1 O-O-O 13. Nxb5 Qxd2 14.
Na7+ Kb7 15. Rxd2 Bxe4 16. fxe4 Nxe4 17. Rd3 Ndc5 18. Ra3 d5 19. b4 d4 20.
Bg5 Rb8 21. bxc5 Kxa7+ 22. Ka1 Nxc5 23. Bf6 Rg8 24. Bxe5 Re8 25. Bxd4 Re1+
26. Kb2 Be7 27. Rxa6+ Kb7 28. Ra3 Rb8 29. Bxc5 Kc7+ 30. Rb3 Bxc5 31. Rxb8
Kxb8 32. Ng5 f6 33. Nf3 Rd1 34. g4 f5 35. gxf5 gxf5 36. Bg2 Rd6 37. Kc3 Kc7
38. Re1 Rg6 39. Re2 Rg3 40. Kc4 Bd6 41. Kd5 Bf4 42. Nd4 Bc1 43. Nxf5 Ra3 44.
c4 Ra5+ 45. c5 Ba3 46. Rc2 Ra4 47. Nd4 Bb4 48. Ne6+ Kc8 49. Kd6 Ra6+ 50. Bc6
Be1 51. Rg2 {Black resigns} 1-0

[Event "ICC tourney 3278 (40 10)"]
[Site "Internet Chess Club"]
[Date "2023.09.09"]
[Round "5"]
[White "VUYYURU, SHRIYAN:loudcertainlava"]
[Black "MILLER, MICHAEL A:knighthawkmill"]
[Result "1-0"]
[ICCResult "Black resigns"]
[WhiteElo "1676"]
[BlackElo "1839"]
[Opening "Réti opening"]
[ECO "A04"]
[NIC "QP.10"]
[Time "20:02:26"]
[PlyCount "97"]
[TimeControl "2400+10"]

1. Nf3 c5 2. e3 Nc6 3. d4 d5 4. c4 cxd4 5. Nxd4 Nf6 6. Nc3 e5 7. Nxc6 bxc6
8. cxd5 Nxd5 9. Nxd5 Qxd5 10. Qxd5 cxd5 11. Bd2 Bd7 12. Ba6 Rb8 13. b3 Bb4
14. Bxb4 Rxb4 15. Rc1 Rb6 16. Be2 Rc6 17. Kd2 Ke7 18. Rxc6 Bxc6 19. Rc1 Kd6
20. f3 Rc8 21. Ba6 Rc7 22. f4 e4 23. b4 h6 24. a3 f5 25. h4 Be8 26. Rxc7
Kxc7 27. Kc3 Kb6 28. Bc8 g6 29. Kd4 Bc6 30. Be6 Kb5 31. Bf7 Ka4 32. Bxg6
Kxa3 33. Bxf5 Kxb4 34. Bg6 a5 35. f5 a4 36. f6 a3 37. f7 a2 38. f8=Q+ Kb3
39. Qf1 Kb2 40. Bf7 a1=Q 41. Qxa1+ Kxa1 42. Bxd5 Be8 43. Bxe4 Kb2 44. g4 Kb3
45. g5 hxg5 46. hxg5 Kb4 47. g6 Kb5 48. g7 Bf7 49. Bd5 {Black resigns} 1-0

[Event "ICC tourney 3278 (40 10)"]
[Site "Internet Chess Club"]
[Date "2023.09.09"]
[Round "5"]
[White "DUBE, DANIEL:betterone76"]
[Black "HONG, HUNTER:hunterhong"]
[Result "1-0"]
[ICCResult "Black checkmated"]
[WhiteElo "1505"]
[BlackElo "1476"]
[Opening "QGD Slav: 4.Nc3"]
[ECO "D15"]
[NIC "SL.03"]
[Time "20:00:06"]
[PlyCount "59"]
[TimeControl "2400+10"]

1. d4 d5 2. c4 c6 3. Nc3 Nf6 4. Nf3 a6 5. a4 e6 6. Bg5 Be7 7. e3 h6 8. Bxf6
Bxf6 9. c5 Nd7 10. b4 O-O 11. Bd3 Be7 12. O-O Nf6 13. Ne5 Bd7 14. f4 Nh7 15.
g4 Bf6 16. Bc2 Bxe5 17. dxe5 Qh4 18. Kh1 g5 19. f5 exf5 20. gxf5 Qxb4 21.
Qd3 f6 22. e6 Be8 23. Rab1 Qxc5 24. Rxb7 Bh5 25. e4 Rfd8 26. Qh3 Qc4 27. Bb3
Qd4 28. Qxh5 Qd3 29. Qf7+ Kh8 30. Qxh7# {Black checkmated} 1-0

[Event "ICC tourney 3278 (40 10)"]
[Site "Internet Chess Club"]
[Date "2023.09.09"]
[Round "5"]
[White "HELMSEN, GAVIN:ghelmsen"]
[Black "SKARIAH, ANUSHKA ELIZABETH:kskariah"]
[Result "1-0"]
[ICCResult "Black checkmated"]
[WhiteElo "1700"]
[BlackElo "1559"]
[Opening "French: advance, Milner-Barry gambit"]
[ECO "C02"]
[NIC "FR.03"]
[Time "20:00:06"]
[PlyCount "89"]
[TimeControl "2400+10"]

1. e4 e6 2. d4 d5 3. e5 c5 4. c3 Nc6 5. Nf3 Qb6 6. Bd3 Bd7 7. dxc5 Bxc5 8.
Qe2 f6 9. O-O a5 10. Nbd2 Qc7 11. Nb3 Bb6 12. Bf4 f5 13. Nbd4 Nge7 14. Nb5
Qb8 15. Nd6+ Kf8 16. Ng5 Ng6 17. Qh5 Ncxe5 18. Bxe5 Nxe5 19. Rae1 Qxd6 20.
Rxe5 Qe7 21. Bxf5 Re8 22. Bxe6 Qf6 23. Rf5 Bxe6 24. Rxf6+ gxf6 25. Qh6+ Ke7
26. Qg7+ Kd6 27. Nxe6 Kxe6 28. Re1+ Kd6 29. Qxf6+ Kc7 30. Qf7+ Kb8 31. Rxe8+
Rxe8 32. Qxe8+ Ka7 33. Qd7 d4 34. cxd4 h5 35. d5 h4 36. d6 h3 37. gxh3 Bc5
38. h4 Bb6 39. h5 Bc5 40. h6 Bb6 41. h7 Bxf2+ 42. Kxf2 Ka6 43. h8=Q Ka7 44.
Qd4+ Kb8 45. Qd8# {Black checkmated} 1-0

[Event "ICC tourney 3278 (40 10)"]
[Site "Internet Chess Club"]
[Date "2023.09.09"]
[Round "5"]
[White "DENG, MICHAEL:K03-16811908"]
[Black "JAIN, PIYUSH:Piyush786"]
[Result "1/2-1/2"]
[ICCResult "Game drawn by mutual agreement"]
[WhiteElo "1735"]
[BlackElo "1862"]
[Opening "Scandinavian (center counter) defense"]
[ECO "B01"]
[NIC "SD.02"]
[Time "20:00:11"]
[PlyCount "104"]
[TimeControl "2400+10"]

1. e4 d5 2. exd5 Qxd5 3. Nc3 Qd8 4. Nf3 Bg4 5. Be2 Nc6 6. O-O e6 7. h3 Bxf3
8. Bxf3 Nf6 9. Bxc6+ bxc6 10. Qf3 Nd5 11. d4 Qf6 12. Nxd5 cxd5 13. Qxf6 gxf6
14. Be3 h5 15. Rac1 Rb8 16. b3 Ba3 17. Rb1 Rg8 18. c3 Kd7 19. b4 a5 20. Rb3
axb4 21. cxb4 Ra8 22. Bf4 c6 23. Rfb1 Ra4 24. b5 cxb5 25. Rxb5 e5 26. Be3
Ke6 27. Rb6+ Kf5 28. Rd1 Rd8 29. Rb5 Rb4 30. Ra5 Bb2 31. dxe5 Bxe5 32. Bc5
Rb2 33. Bd4 Bxd4 34. Rxd4 Ke5 35. Rd3 f5 36. Ra7 f6 37. Re7+ Kd6 38. Ra7 f4
39. a4 Ra2 40. Ra6+ Ke5 41. a5 d4 42. Ra7 Rd5 43. a6 Rda5 44. Re7+ Kf5 45.
Rxd4 Re5 46. Rxe5+ fxe5 47. Rd6 Ra1+ 48. Kh2 Ra2 49. f3 h4 50. Rh6 Kg5 51.
Re6 Kf5 52. Rb6 Ra1 {Game drawn by mutual agreement} 1/2-1/2

[Event "ICC tourney 3278 (40 10)"]
[Site "Internet Chess Club"]
[Date "2023.09.09"]
[Round "5"]
[White "Zhang, Ellery:elleryzhang"]
[Black "Jadeja, Avichal:avichaljadeja02"]
[Result "0-1"]
[ICCResult "White resigns"]
[WhiteElo "1695"]
[BlackElo "1749"]
[Opening "Benoni defense"]
[ECO "A56"]
[NIC "OI.06"]
[Time "20:00:49"]
[PlyCount "46"]
[TimeControl "2400+10"]

1. d4 Nf6 2. c4 c5 3. e3 g6 4. Nf3 Bg7 5. Bd3 O-O 6. O-O cxd4 7. exd4 d5 8.
h3 Nc6 9. Be3 e6 10. b3 b6 11. Nc3 Bb7 12. Re1 Rc8 13. Rc1 Re8 14. Qd2 e5
15. cxd5 Nxd5 16. Nxd5 exd4 17. Bc4 dxe3 18. Rxe3 Ne5 19. Ree1 Nxf3+ 20.
gxf3 Qh4 21. Kg2 Bh6 22. f4 Bxf4 23. Qd4 Qg5+ {White resigns} 0-1

[Event "ICC tourney 3278 (40 10)"]
[Site "Internet Chess Club"]
[Date "2023.09.09"]
[Round "5"]
[White "BERKLEY, DARRIN K:drberkley"]
[Black "SYED, TAIMOOR:containedplay"]
[Result "0-1"]
[ICCResult "White resigns"]
[WhiteElo "1865"]
[BlackElo "1540"]
[Opening "Sicilian: Grand Prix attack"]
[ECO "B23"]
[NIC "SI.44"]
[Time "20:00:06"]
[PlyCount "94"]
[TimeControl "2400+10"]

1. e4 c5 2. Nc3 Nc6 3. f4 e6 4. Nf3 d5 5. Bb5 Ne7 6. Qe2 d4 7. Nd1 Qc7 8.
O-O a6 9. Bd3 Qxf4 10. e5 Qh6 11. Be4 g6 12. d3 Qg7 13. Nf2 Nxe5 14. Nxe5
Qxe5 15. Ng4 Qc7 16. Bf4 Qb6 17. Be5 f5 18. Nf6+ Kd8 19. Bf3 Bg7 20. Qf2 g5
21. Qg3 h6 22. c3 f4 23. Qf2 Nf5 24. cxd4 Nxd4 25. Nd5 exd5 26. Bxg7 Re8 27.
Bh5 Re3 28. Rfe1 Nf5 29. Bc3 Be6 30. Qd2 Kd7 31. g4 Rxe1+ 32. Rxe1 Ne3 33.
h3 d4 34. Ba5 Qc6 35. Qf2 Rf8 36. Bg6 Bxa2 37. Be4 Bd5 38. Qf3 Bxe4 39. dxe4
Re8 40. Rxe3 dxe3 41. Qd1+ Kc8 42. Qd3 Kb8 43. b3 Ka7 44. b4 Qxe4 45. Qd6
Qc6 46. bxc5 e2 47. Bb6+ Ka8 {White resigns} 0-1

[Event "ICC tourney 3278 (40 10)"]
[Site "Internet Chess Club"]
[Date "2023.09.09"]
[Round "5"]
[White "SHANKAR, AASHRITHA VIDHYA:aashushankar"]
[Black "Ryerson, Olivia:oliviaryerson"]
[Result "1/2-1/2"]
[ICCResult "Game drawn by repetition"]
[WhiteElo "1496"]
[BlackElo "1330"]
[Opening "Sicilian: O'Kelly variation"]
[ECO "B28"]
[NIC "SI.43"]
[Time "20:01:18"]
[PlyCount "98"]
[TimeControl "2400+10"]

1. e4 c5 2. Nf3 a6 3. d4 cxd4 4. Nxd4 Nf6 5. Nc3 e5 6. Nf3 Bb4 7. Bg5 Qc7 8.
Bd2 O-O 9. Bd3 d6 10. O-O Bg4 11. h3 Bh5 12. a3 Bc5 13. Re1 Nc6 14. Bg5 Nd4
15. Be2 Nxe2+ 16. Qxe2 Ne8 17. Nd5 Qd7 18. Be7 Nc7 19. Nxc7 Qxe7 20. Nxa8
Rxa8 21. Rad1 Qf6 22. g4 Bg6 23. Rf1 h5 24. Nh2 Qf4 25. Qf3 Qg5 26. Rde1 Rf8
27. Kh1 h4 28. Qb3 b6 29. Nf3 Qf4 30. Qd3 Rd8 31. Nxh4 Bh7 32. Qf3 Qg5 33.
Qg3 d5 34. exd5 Rxd5 35. c3 f6 36. Nf3 Qh6 37. Rd1 Be4 38. Rxd5 Bxd5 39. Rd1
Be4 40. Kh2 f5 41. gxf5 Bd6 42. Kg1 Bxf5 43. Nh4 Bc2 44. Re1 e4 45. Qg6 Qf4
46. Qe8+ Kh7 47. Qg6+ Kg8 48. Qe8+ Kh7 49. Qg6+ Kg8 {Game drawn by
repetition} 1/2-1/2

[Event "ICC tourney 3278 (40 10)"]
[Site "Internet Chess Club"]
[Date "2023.09.09"]
[Round "5"]
[White "S.M, UMER:uncrackable"]
[Black "MALAKAR, SAARTHAK:iamvoltu"]
[Result "0-1"]
[ICCResult "White checkmated"]
[WhiteElo "1845"]
[BlackElo "1791"]
[Opening "Queen's pawn"]
[ECO "A40"]
[NIC "QO.17"]
[Time "20:00:35"]
[PlyCount "120"]
[TimeControl "2400+10"]

1. d4 c6 2. Nf3 d5 3. Bf4 Bf5 4. e3 e6 5. c4 Bd6 6. Bxd6 Qxd6 7. Qb3 Nd7 8.
Nc3 Rb8 9. h3 Ngf6 10. Be2 h6 11. a4 O-O 12. a5 b6 13. a6 dxc4 14. Bxc4 b5
15. Be2 b4 16. Na4 e5 17. dxe5 Nxe5 18. Rd1 Qe7 19. O-O Rfc8 20. Rc1 Ne4 21.
Rfd1 Be6 22. Qc2 Bf5 23. Qb3 Be6 24. Qc2 Nxf3+ 25. Bxf3 Ng5 26. Bxc6 Rc7 27.
Qc5 Qf6 28. f4 Ne4 29. Qd4 Qxd4 30. Rxd4 Ng3 31. Kf2 Nf5 32. Rd2 Rbc8 33.
Rdc2 Bb3 34. Rc5 Nxe3 35. Bb7 Rxc5 36. Nxc5 Nd1+ 37. Kf3 Re8 38. Be4 f5 39.
Bxf5 Bd5+ 40. Be4 Bxe4+ 41. Nxe4 Nxb2 42. Rc7 Nd3 43. Nd6 Ne1+ 44. Kg4 Re6
45. Nf5 Rg6+ 46. Kh5 Rxg2 47. Rxa7 b3 48. Rb7 Kh7 49. a7 b2 50. Rxg7+ Rxg7
51. Nxg7 b1=Q 52. a8=Q Qg6+ 53. Kh4 Ng2+ 54. Qxg2 Qxg2 55. Nh5 Kg6 56. Ng3
Qf2 57. f5+ Kf6 58. Kg4 Ke5 59. Nh5 Qxf5+ 60. Kh4 Qg5# {White checkmated}
0-1